 Dungeon Crawl Stone Soup version 0.28.0-61-g67df4f89a8 (webtiles) character file.

Game seed: 6402735527487368592

18130 AarnesTheHuman the Cleaver (level 12, -6/113 HPs)
             Began as a Hill Orc Fighter on Feb 13, 2023.
             Was a High Priest of Okawaru.
             Killed from afar by a bog body (28 damage)
             ... with a bolt of cold
             ... on level 2 of the Lair of Beasts.
             The game lasted 00:21:58 (16122 turns).

AarnesTheHuman the Cleaver (Hill Orc Fighter)      Turns: 16122, Time: 00:21:59

Health: -6/113     AC: 16    Str: 24    XL:     12   Next: 55%
Magic:  15/20      EV: 12    Int: 12    God:    Okawaru [*****.]
Gold:   629        SH:  8    Dex: 16    Spells: 11/11 levels left

rFire   + . .      SeeInvis .   a - +3 hand axe (flame)
rCold   . . .      Faith    .   c - +0 buckler
rNeg    . . .      Spirit   .   C - +0 chain mail
rPois   +          Reflect  .   (no helmet)
rElec   .          Harm     .   y - +0 cloak
rCorr   .          Rampage  .   n - +1 pair of gloves
Will    .....                   (no boots)
Stlth   ..........              (no amulet)
HPRegen 0.28/turn               s - ring of Resyato {rPois rF+ Int+4}
MPRegen 0.17/turn               j - +6 ring of dexterity

@: heroic, finesse-ful
A: no striking features
a: Renounce Religion, Heroism, Finesse, Duel


You were on level 2 of the Lair of Beasts.
You worshipped Okawaru.
Okawaru was extremely pleased with you.
You visited 3 branches of the dungeon, and saw 12 of its levels.

You collected 641 gold pieces.
You spent 12 gold pieces at shops.

Inventory:

Hand Weapons
 a - a +3 hand axe of flaming (weapon)
 b - a +4 hand crossbow of flaming
 f - a +0 hunting sling
 E - a +0 war axe
 F - a +1 whip of venom
Missiles
 g - 369 stones
 o - 47 sling bullets
 w - 6 poisoned darts (quivered)
 x - 2 throwing nets
Armour
 c - a +0 buckler (worn)
 n - a +1 pair of gloves (worn)
 p - a +0 scale mail
 y - a +0 cloak (worn)
 C - a +0 chain mail (worn)
Jewellery
 j - a +6 ring of dexterity (right hand)
 s - the ring of Resyato (left hand) {rPois rF+ Int+4}
   (You took it off a hobgoblin on level 3 of the Dungeon)

   [ring of poison resistance]

   Int:       It affects your intelligence (+4).
   rF:        It protects you from fire.
   rPois:     It protects you from poison.
 B - a +4 ring of evasion
Wands
 t - a wand of iceblast (14)
 v - a wand of acid (6)
Scrolls
 h - 3 scrolls of holy word
 r - a scroll of teleportation
 A - 2 scrolls of magic mapping
Potions
 d - 3 potions of might
 e - 4 potions of curing
 i - 3 potions of brilliance
 k - a potion of resistance {unknown}
 l - a potion of heal wounds
 m - 2 potions of berserk rage
 q - a potion of attraction
 u - 2 potions of ambrosia
 z - a potion of mutation
 D - 2 potions of lignification {unknown}
Miscellaneous
 G - a lightning rod (4/4)


   Skills:
 + Level 12.4(17.4) Fighting
 + Level 14.9(19.9) Axes
 + Level 7.6(12.6) Armour
 - Level 4.0(9.0) Dodging
 + Level 8.6(13.6) Shields
 - Level 11.0 Invocations


You had 11 spell levels left.
You didn't know any spells.
Your spell library contained the following spells:

 Spells                   Type           Power      Damage    Failure   Level
 Pain                     Necr           0%         1d4       88%         1
 Shock                    Conj/Air       0%         1d3       88%         1
 Ensorcelled Hibernation  Hex/Ice        0%         N/A       95%         2
 Passwall                 Tmut/Erth      0%         N/A       95%         2
 Static Discharge         Conj/Air       0%         N/A       95%         2
 Dazzling Flash           Conj/Hex       0%         N/A       99%         3
 Portal Projectile        Hex/Tloc       0%         N/A       99%         3
 Swiftness                Air            0%         N/A       99%         3
 Vampiric Draining        Necr           0%         2d6       99%         3
 Airstrike                Air            0%         N/A       100%        4
 Cause Fear               Hex            0%         N/A       100%        4
 Dispel Undead            Necr           0%         3d6       100%        4
 Leda's Liquefaction      Hex/Erth       0%         N/A       100%        4
 Sticky Flame             Conj/Fire      0%         2d3       100%        4
 Agony                    Necr           0%         N/A       100%        5
 Silence                  Hex/Air        0%         N/A       100%        5
 Dragon Form              Tmut           0%         N/A       100%        7
 Animate Skeleton         Necr           Unusable   N/A       N/A         1
 Call Canine Familiar     Summ           Unusable   N/A       N/A         3
 Dragon's Call            Summ           Unusable   N/A       N/A         9

Dungeon Overview and Level Annotations

Branches:
Dungeon (9/15)             Temple (1/1) D:4            Lair (2/6) D:9
  Swamp (0/4) Lair:2
  Snake: Lair:2-4    Spider: Lair:2-4       Orc: D:9-12

Altars:
Ashenzari
Cheibriados
Dithmenos
Elyvilon
Fedhas
Gozag
Hepliaklqana
Kikubaaqudgha
Makhleb
Nemelex Xobeh
Okawaru
Qazlal
Ru
Sif Muna
Uskayaw
Vehumet
Wu Jian
Xom
Yredelemnul
Zin
The Shining One

Shops:
D:1 !   D:3 !   D:4 !   D:6 (   D:7 [   D:8 *

Annotations:
D:2 1 runed translucent door, Crazy Yiuf


Message History

You completely miss the yak.
The yak is lightly wounded.
You slash the yak! You burn the yak.
The yak is heavily wounded.
You slash the yak! You burn the yak.
The yak is severely wounded.
The yak barely misses you.
You hit the yak. You burn the yak.
The yak is almost dead.
You slash the yak! You burn the yak.
You kill the yak!
Okawaru accepts your kill. You block the yak's attack.
You slash the yak! You burn the yak.
The yak is moderately wounded.
You hit the yak but do no damage.
The yak is moderately wounded.
You block the yak's attack.
You closely miss the yak.
The yak is moderately wounded.
You hit the yak. You burn the yak.
The yak is heavily wounded.
You hit the yak but do no damage.
The yak is heavily wounded.
You block the yak's attack.
You hit the yak. You burn the yak.
The yak is heavily wounded.
You hit the yak. You burn the yak.
The yak is severely wounded.
You hit the yak. You burn the yak.
The yak is almost dead.
The yak barely misses you.
You barely miss the yak.
The yak is almost dead.
You slash the yak! You burn the yak.
You kill the yak!
Okawaru accepts your kill.
The bog body points at you and mumbles some strange words.
The bolt of cold hits you!!
You die...

.... ####§.#### ....
.#..## .... ....
##n### #..#.# ##..#
###Y.#### #
...##.P..##.######.#
............n.@†..#
..#################


You could see a bog body.

Vanquished Creatures
  3 hydras
  Erica (D:8)
  A wolf spider (Lair:1)
  A torpor snail (Lair:1)
  3 black mambas
  3 cane toads (Lair:1)
  A freezing wraith (D:9)
  4 komodo dragons
  2 hornets
  3 slime creatures (D:8)
  4 blink frogs (Lair:1)
  24 yaks
  3 wyverns
  3 basilisks (Lair:1)
  A steam dragon (D:8)
  2 wargs (D:9)
  3 water moccasins
  2 sky beasts
  Duvessa (D:7)
  2 ice beasts
  5 orc warriors
  2 black bears
  4 ogres
  3 centaurs
  10 wolves (Lair:1)
  A phantom (D:6)
  A kobold brigand (D:8)
  9 bullfrogs
  A wyvern zombie (D:9)
  A scorpion (D:5)
  2 water moccasin zombies (D:5)
  A wyvern skeleton (D:7)
  A water moccasin skeleton (D:5)
  Dowan (D:7)
  6 killer bees (D:7)
  10 wights
  5 howler monkeys
  2 bullfrog zombies (D:6)
  A centaur zombie (D:9)
  2 hounds
  A gnoll shaman (D:5)
  A jelly (D:6)
  5 orc priests
  2 centaur skeletons
  Terence (D:3)
  4 orc wizards
  Ijyb (D:3)
  4 iguanas
  8 gnolls
  14 adders
  3 white imps
  An adder skeleton (D:4)
  3 worms
  A dart slug (D:1)
  31 orcs
  5 bats
  5 endoplasms
  4 giant cockroaches (D:1)
  6 goblins
  6 hobgoblins
  2 jackals (D:4)
  2 quokkas (D:4)
  4 ball pythons
  2 frilled lizards
  19 kobolds
  9 rats
279 creatures vanquished.

Vanquished Creatures (others)
  An orc wizard (D:3)
  A bush (Lair:1)
  29 fungi
  68 plants
99 creatures vanquished.

Grand Total: 378 creatures vanquished

Notes
Turn   | Place    | Note
-------+----------+-------------------------------------------
     0 | D:1      | AarnesTheHuman the Hill Orc Fighter began the quest for the
                  | Orb.
     0 | D:1      | Reached XP level 1. HP: 19/19 MP: 1/1
    43 | D:1      | Reached skill level 3 in Axes
    43 | D:1      | Reached XP level 2. HP: 27/27 MP: 2/2
   123 | D:1      | Found Vearuveol's Distillery.
   164 | D:1      | Found a faded altar of an unknown god.
   579 | D:1      | Reached XP level 3. HP: 33/33 MP: 3/3
  1002 | D:2      | Found a runed translucent door.
  1003 | D:2      | Noticed Crazy Yiuf
  1230 | D:2      | Reached skill level 4 in Axes
  1230 | D:2      | Reached XP level 4. HP: 26/40 MP: 4/4
  2041 | D:3      | Noticed Terence
  2159 | D:3      | Killed Terence
  2362 | D:3      | Identified the ring of Resyato {rPois rF+ Int+4}
  2510 | D:3      | Reached XP level 5. HP: 44/47 MP: 5/5
  2595 | D:3      | Found Ymyt's Distillery.
  2704 | D:3      | Noticed Ijyb
  2712 | D:3      | Paralysed by Ijyb for 4 turns
  2718 | D:3      | Killed Ijyb
  2719 | D:3      | Reached skill level 5 in Axes
  3046 | D:3      | Bought a potion of degeneration for 12 gold pieces
  3053 | D:4      | Found Vipheit's Distillery.
  3090 | D:4      | Found a staircase to the Ecumenical Temple.
  3097 | Temple   | Entered the Ecumenical Temple
  3118 | Temple   | Became a worshipper of Warmaster Okawaru
  3138 | D:4      | Noticed an ogre
  3147 | D:4      | Killed an ogre
  3148 | D:4      | Reached skill level 1 in Invocations
  3148 | D:4      | Reached XP level 6. HP: 55/55 MP: 6/6
  3694 | D:4      | Found a stormy altar of Qazlal.
  3906 | D:5      | Entered Level 5 of the Dungeon
  3906 | D:5      | Noticed an ice beast
  3987 | D:4      | Killed an ice beast
  3988 | D:4      | Reached skill level 5 in Fighting
  3988 | D:4      | Reached skill level 6 in Axes
  3998 | D:5      | Reached * piety under Okawaru
  3999 | D:5      | Reached XP level 7. HP: 53/61 MP: 8/8
  4449 | D:5      | Reached skill level 5 in Shields
  4561 | D:5      | Reached skill level 7 in Axes
  4800 | D:5      | Reached XP level 8. HP: 25/70 MP: 10/10
  5149 | D:5      | Reached ** piety under Okawaru
  5294 | D:5      | Reached skill level 8 in Axes
  6034 | D:6      | Found a sacrificial altar of Ru.
  6074 | D:6      | Reached skill level 9 in Axes
  6074 | D:6      | Reached skill level 5 in Invocations
  6378 | D:6      | Reached XP level 9. HP: 65/79 MP: 13/13
  6468 | D:6      | Reached skill level 10 in Axes
  6781 | D:6      | Found a radiant altar of Vehumet.
  6983 | D:6      | Found Loehupp's Weapon Shoppe.
  7230 | D:7      | Noticed a hornet
  7242 | D:6      | Killed a hornet
  7306 | D:7      | Noticed Dowan
  7307 | D:7      | Noticed Duvessa
  7509 | D:7      | Killed Duvessa
  7509 | D:7      | Reached *** piety under Okawaru
  7509 | D:7      | Killed Dowan
  7510 | D:7      | Reached skill level 11 in Axes
  8042 | D:7      | Found Cheibriados's Comfort Zone.
  8044 | D:7      | Found a snail-covered altar of Cheibriados.
  8323 | D:8      | Reached XP level 10. HP: 77/88 MP: 16/16
  8511 | D:8      | Reached **** piety under Okawaru
  8512 | D:8      | Reached skill level 12 in Axes
  8536 | D:8      | HP: 4/88 [orc/+0 morningstar (5)]
  8987 | D:8      | Reached skill level 13 in Axes
  9318 | D:8      | Noticed Erica
  9329 | D:8      | Killed Erica
  9329 | D:8      | Reached ***** piety under Okawaru
  9330 | D:8      | Reached skill level 10 in Fighting
  9914 | D:8      | Found Jusyff's Assorted Antiques.
 10691 | D:9      | Reached XP level 11. HP: 91/103 MP: 17/17
 11158 | D:9      | Noticed an eight-headed hydra
 11175 | D:9      | Killed a one-headed hydra
 11176 | D:9      | Reached skill level 1 in Dodging
 12015 | D:9      | Reached skill level 5 in Armour
 12021 | D:9      | Found a staircase to the Lair.
 12250 | Lair:1   | Entered Level 1 of the Lair of Beasts
 13059 | Lair:1   | Noticed a seven-headed hydra
 13082 | Lair:1   | Killed a one-headed hydra
 13089 | Lair:1   | Received a gift from Okawaru
 13378 | Lair:1   | Noticed an eight-headed hydra
 13397 | Lair:1   | Killed a one-headed hydra
 13398 | Lair:1   | Reached skill level 14 in Axes
 13814 | Lair:1   | Reached skill level 10 in Invocations
 13928 | Lair:1   | Noticed a wolf spider
 13939 | Lair:1   | Killed a wolf spider
 13940 | Lair:1   | Reached XP level 12. HP: 77/112 MP: 19/19
 15144 | Lair:1   | Reached ****** piety under Okawaru
 15700 | Lair:2   | Received a gift from Okawaru
 16035 | Lair:2   | Found a staircase to the Swamp.
 16122 | Lair:2   | Killed from afar by a bog body

Illustrated notes

Levels and vault maps discovered:
D:1:      dpeg_arrival_round_a, layout_basic,
          hellmonk_ecumenical_altar_heavens_door, serial_shops, shop
D:2:      layout_loops_cross, uniq_crazy_yiuf_cottage
D:3:      layout_rooms, serial_shops, shop, uniq_terence, uniq_ijyb
D:4:      layout_cave_pods, nicolae_qazlal_eye_of_the_storm,
          minmay_temple_entry_crystal_x, serial_shops, nicolae_stop_n_shop_2
D:5:      layout_cave_pools
D:6:      layout_loops_ring, mainiacjoe_overflow_catwalk,
          nicolae_ru_the_path_less_chosen, serial_shops, kennysheep_mini_moat,
          grunt_ministairs_14, hangedman_abyss_or_decor_stagger,
          wad_floor_pattern_untrapped, st_stairs_3
D:7:      layout_rooms, minmay_shop_chei, chequers_serial_rivers_large_b,
          uniq_duvessa
D:8:      layout_basic, serial_shops, nicolae_lakefront_shop, enter_ossuary_2,
          uniq_erica
D:9:      layout_rooms, erik_lair_orcish_takeover, nicolae_straight_to_the_point
Temple:   nicolae_temple_no_exploring_needed
Lair:1:   minmay_lair_venomous_thicket, layout_gridlike, guppyfry_lair_drakes
Lair:2:   layout_small_grid, skrybe_swamp_entry_bodies, forest_entry_grove

Skill      XL: |  1  2  3  4  5  6  7  8  9 10 11 12 |
---------------+-------------------------------------+-----
Axes           | 3 4 5 6 7 9 11 13 14 | 14.9
Fighting       | 4 5 7 8 11 12 | 12.4
Shields        | 4 5 6 7 8 |  8.6
Armour         | 4 6 7 |  7.6
Invocations    | 1 2 3 5 8 10 11 | 11.0
Dodging        | 3 4 |  4.0

Action                   |  1- 3 |  4- 6 |  7- 9 | 10-12 || total
-------------------------+-------+-------+-------+-------++-------
Melee: War axe           |    84 |   125 |    66 |       ||   275
       Whip              |       |    20 |    27 |       ||    47
       Hand axe          |       |       |   228 |   626 ||   854
 Fire: Hunting sling     |       |     7 |       |       ||     7
Throw: Dart              |       |       |       |     4 ||     4
       Stone             |       |       |       |     1 ||     1
Invok: Heroism           |       |       |       |     7 ||     7
       Finesse           |       |       |       |     1 ||     1
Evoke: Wand              |       |     1 |       |     1 ||     2
  Use: Scroll            |       |     5 |     7 |     4 ||    16
       Potion            |       |     1 |       |     1 ||     2
 Stab: Paralysed         |       |     4 |       |     5 ||     9
Armor: Scale mail        |    27 |    72 |   133 |    62 ||   294
       Chain mail        |       |       |       |   124 ||   124
Dodge: Dodged            |    23 |    65 |   132 |   202 ||   422
Block: Buckler           |    23 |    33 |   100 |   147 ||   303
